[Event "Early-Titled-Tuesday-Blitz-May-07-2024"]
[Site "Chess.com"]
[Date "2024.05.07"]
[Round "5"]
[White "Byniolus"]
[Black "Bilan_Danila"]
[Result "1-0"]
[WhiteElo "2814"]
[BlackElo "2563"]
[TimeControl "180+1"]
[EndTime "8:58:01 PDT"]
[Termination "Byniolus won by resignation"]

1. d4 d5 2. Nf3 Nf6 3. Bf4 c5 4.
c3 Nc6 5. Nbd2 cxd4 6. cxd4 Qb6 7. e3 Bf5 8. Qb3 Qxb3 9. Nxb3 e6 10. Bb5 Bb4+ 11. Ke2 Ke7 12. Bxc6 bxc6 13. Rhc1 Rhc8 14. Ne5 c5 15. dxc5 Ne4 16. Nd3 a5 17. a3 a4 18.
axb4 axb3 19. Rxa8 Rxa8 20. b5 f6 21. Bc7 Kd7 22. b6 Kc6 23. Nb4+ Kb5 24. b7 Rg8 25.
Nd3 1-0

[Event "Early-Titled-Tuesday-Blitz-May-07-2024"]
[Site "Chess.com"]
[Date "2024.05.07"]
[Round "5"]
[White "WhiteKnight2612"]
[Black "GMBenjaminBok"]
[Result "1/2-1/2"]
[WhiteElo "2842"]
[BlackElo "3049"]
[TimeControl "180+1"]
[EndTime "8:58:04 PDT"]
[Termination "Game drawn by repetition"]

1. d4 Nf6 2. c4 e6 3. Nf3 b6 4. g3 Ba6 5. Qc2 c5 6. d5 exd5 7. cxd5 Bb7 8. Bg2 Nxd5 9. O-O Nc6 10. Qf5 Nde7 11. Qf4 d5 12. Nc3 d4 13. Nb5 Nd5 14. Qe4+ Nce7 15. Bf4 Nxf4 16. Qxb7 Rb8 17. Nc7+ Kd7 18. Ne5+ Kd6 19. Nxf7+ Kd7 20. Ne5+ Kd6 21. Nf7+ Kd7 22. Ne5+ Kd6 23. Nb5+ Kxe5 24. Qe4+ Kf6 25.
Qxf4+ Ke6 26. Bh3+ Kd5 27. Bg2+ Ke6 28. Bh3+ Kd5 29.
Bg2+ Ke6 1/2-1/2

[Event "Early-Titled-Tuesday-Blitz-May-07-2024"]
[Site "Chess.com"]
[Date "2024.05.07"]
[Round "5"]
[White "yaguigor"]
[Black "Airquake"]
[Result "0-1"]
[WhiteElo "2568"]
[BlackElo "2820"]
[TimeControl "180+1"]
[EndTime "8:58:10 PDT"]
[Termination "Airquake won by resignation"]

1. e4 c5 2. Nf3 d6 3. d4 cxd4 4. Nxd4 Nf6 5. Nc3 a6 6. f3 e6 7.
Be3 Qc7 8. Qd2 b5 9. g4 Bb7 10. O-O-O Nc6 11. g5 Nd7 12. Nxc6 Bxc6 13. Ne2 Be7 14.
Nd4 Bb7 15. h4 Ne5 16. h5 Nc4 17. Bxc4 Qxc4 18. Kb1 g6 19. hxg6 fxg6 20. b3 Qc8 21. Rh4 h5 22. Qd3 e5 23. Ne2 b4 24. f4 a5 25. c4 O-O 26. Rdh1 Qe6 27. f5 gxf5 28.
Rxh5 Bxe4 29. Rh8+ Kf7 30. R1h7+ Ke8 31. Rxf8+ Bxf8 0-1

[Event "Early-Titled-Tuesday-Blitz-May-07-2024"]
[Site "Chess.com"]
[Date "2024.05.07"]
[Round "5"]
[White "vladgoncharov"]
[Black "lcmil"]
[Result "1-0"]
[WhiteElo "2595"]
[BlackElo "2455"]
[TimeControl "180+1"]
[EndTime "8:58:10 PDT"]
[Termination "vladgoncharov won by resignation"]

1. d4 Nf6 2. c4 g6 3. Nc3 Bg7 4. e4 d6 5. h3 O-O 6. Be3 e5 7. d5 Na6 8. Nf3 Nc5 9. Nd2 a5 10. g4 c6 11. Be2 a4 12. b4 axb3 13. axb3 Rxa1 14. Qxa1 h5 15. g5 Nh7 16. h4 f6 17.
gxf6 Nxf6 18. Bg5 Qb6 19. Qa3 Ng4 20. f3 Nf2 21. Rf1 Nfd3+ 22. Bxd3 Nxd3+ 23. Ke2 Nf4+ 24. Bxf4 Rxf4 25. Qxd6 Rxh4 26. Rf2 Qd4 27. Qd8+ 1-0

[Event "Early-Titled-Tuesday-Blitz-May-07-2024"]
[Site "Chess.com"]
[Date "2024.05.07"]
[Round "5"]
[White "Mrlammy"]
[Black "Kacparov"]
[Result "0-1"]
[WhiteElo "2587"]
[BlackElo "2901"]
[TimeControl "180+1"]
[EndTime "8:58:12 PDT"]
[Termination "Kacparov won by resignation"]

1. d4 Nf6 2. c4 e6 3. Nf3 b6 4. g3 Ba6 5. Qc2 c5 6. d5 exd5 7. cxd5 d6 8. Nc3 Be7 9. e4 Bxf1 10. Kxf1 O-O 11. Kg2 Nbd7 12. a4 Ng4 13.
Re1 Bf6 14. Bd2 Nge5 15. Nxe5 Nxe5 16. Nb5 a6 17. Na3 c4 18. Bc3 Nd3 19. Red1 Bxc3 20.
Qxc3 Rc8 21. Qd4 Nc5 22. Qxc4 Re8 23. f3 Nxe4 24. Qxa6 Nc5 25. Qb5 Re3 26. Re1 Rb3 27. Qe2 Nxa4 28. Rac1 Rxb2 29. Rc2 Rbxc2 30. Nxc2 Nc3 31. Qe7 Qxe7 32. Rxe7 Nxd5 33. Rb7 Rxc2+ 0-1

[Event "Early-Titled-Tuesday-Blitz-May-07-2024"]
[Site "Chess.com"]
[Date "2024.05.07"]
[Round "5"]
[White "Caterpiller35"]
[Black "ChessBliss09"]
[Result "1-0"]
[WhiteElo "2491"]
[BlackElo "2206"]
[TimeControl "180+1"]
[EndTime "8:58:13 PDT"]
[Termination "Caterpiller35 won by checkmate"]

1. e4 e5 2. Nc3 Nc6 3. Bc4 Nf6 4. d3 Bc5 5. f4 exf4 6. Bxf4 d6 7. Nf3 Bg4 8. Qd2 a6 9. a4 Nh5 10. Bg5 f6 11. Be3 Bxe3 12. Qxe3 g6 13. O-O Qe7 14. Nd5 Qg7 15. Nd4 Ne5 16. h3 Nxc4 17. dxc4 Bc8 18.
g4 c5 19. Ne2 Be6 20. gxh5 gxh5+ 21. Qg3 Qxg3+ 22. Nxg3 Bxd5 23. exd5 Rg8 24. Rae1+ Kd7 25. Kh2 Rae8 26. Nf5 Re5 27. Rxe5 fxe5 28. Ng3 h4 29. Ne4 Rg7 30. Rf6 Kc7 31. Nxd6 b5 32. Ne8+ Kd7 33.
Nxg7 Ke7 34. Rxa6 bxa4 35. Rxa4 Kf6 36. d6 e4 37. d7 e3 38. d8=Q+ Kxg7 39. Ra7+ Kg6 40.
Qd6+ Kg5 41. Rg7+ Kf5 42. Qd5+ Kf4 43. Rf7# 1-0

[Event "Early-Titled-Tuesday-Blitz-May-07-2024"]
[Site "Chess.com"]
[Date "2024.05.07"]
[Round "5"]
[White "GlavkonVVS"]
[Black "RobertoJBM"]
[Result "1-0"]
[WhiteElo "2674"]
[BlackElo "2874"]
[TimeControl "180+1"]
[EndTime "8:58:14 PDT"]
[Termination "GlavkonVVS won by resignation"]

1. c4 c6 2. Nc3 d5 3. d4 Nf6 4. Nf3 dxc4 5. a4 Bf5 6. e3 e6 7. Bxc4 Bb4 8. O-O O-O 9. Ne2 h6 10. b3 Nbd7 11. Bb2 Qe7 12. Ng3 Bh7 13. Qe2 Rfd8 14.
e4 a5 15. Rad1 Rac8 16. Qe3 c5 17. d5 exd5 18. exd5 Qxe3 19. fxe3 Re8 20. Nh4 Rxe3 21. Nhf5 Bxf5 22. Nxf5 Re5 23. d6 Rd8 24. g4 Re4 25.
h3 Ne5 26. Bxe5 Rxe5 27. Nxh6+ gxh6 28. Rxf6 Bc3 29. Rxf7 Kh8 30. d7 Kg8 31. Rf3+ 1-0

[Event "Early-Titled-Tuesday-Blitz-May-07-2024"]
[Site "Chess.com"]
[Date "2024.05.07"]
[Round "5"]
[White "viktorgen2021"]
[Black "klifus"]
[Result "1-0"]
[WhiteElo "2506"]
[BlackElo "2218"]
[TimeControl "180+1"]
[EndTime "8:58:14 PDT"]
[Termination "viktorgen2021 won by resignation"]

1. e4 c5 2. Nc3 Nc6 3. g3 g6 4.
Bg2 Bg7 5. Nge2 Nf6 6. d3 O-O 7. O-O d6 8. h3 Rb8 9. a4 a6 10. Be3 b5 11. axb5 axb5 12. Qd2 Nd4 13. Nxd4 cxd4 14.
Bxd4 e5 15. Be3 Be6 16. Nd5 Bxd5 17. exd5 Nd7 18. Ra7 f5 19. Bg5 Bf6 20. Bxf6 Rxf6 21. Rfa1 Rf7 22. Qh6 Qf8 23. Qxf8+ Kxf8 24. R1a6 Rb6 25.
Ra8+ Kg7 26. Rxb6 Nxb6 27. Rb8 Na4 28. Rxb5 Rc7 29. c3 Kf6 30. Kf1 Nc5 31. Ke2 Ra7 32. Rb8 e4 33. dxe4 fxe4 34. Ke3 Ke5 35. c4 Re7 36. b4 Nd7 37. Rb7 Kf6 38. Kd4 Kf5 39. c5 dxc5+ 40. bxc5 Nxc5 41. Rxe7 Nb3+ 42. Kc3 1-0

[Event "Early-Titled-Tuesday-Blitz-May-07-2024"]
[Site "Chess.com"]
[Date "2024.05.07"]
[Round "5"]
[White "Matsanovic"]
[Black "Smiechu"]
[Result "1-0"]
[WhiteElo "2588"]
[BlackElo "2382"]
[TimeControl "180+1"]
[EndTime "8:58:15 PDT"]
[Termination "Matsanovic won by resignation"]

1. e4 c5 2. Nf3 g6 3. d4 cxd4 4. Qxd4 Nf6 5. Nc3 Nc6 6. Qa4 d6 7. e5 dxe5 8. Nxe5 Bd7 9. Nxd7 Nxd7 10. Bb5 Bg7 11. O-O O-O 12. Be3 Nb6 13. Qe4 Bxc3 14. bxc3 Qd5 15. Bd3 Qxe4 16. Bxe4 f5 17. Bf3 e5 18.
Rfd1 e4 19. Be2 Rfd8 20. f3 Re8 21. Kf2 Kf7 22. a4 Re5 23. Rab1 Re7 24. Bc5 Rd7 25. Rxd7+ Nxd7 26. Rxb7 Ke8 27. Bd6 a6 28. fxe4 fxe4 29.
Ke3 Rd8 30. Bxa6 Kf7 31. Bc7 Rc8 32. Bb5 Nde5 33. Bxe5+ 1-0

[Event "Early-Titled-Tuesday-Blitz-May-07-2024"]
[Site "Chess.com"]
[Date "2024.05.07"]
[Round "5"]
[White "kanzaww"]
[Black "LeoWin2012"]
[Result "0-1"]
[WhiteElo "2508"]
[BlackElo "2321"]
[TimeControl "180+1"]
[EndTime "8:58:15 PDT"]
[Termination "LeoWin2012 won by resignation"]

1. e4 e5 2. Nf3 Nf6 3. Nxe5 d6 4. Nf3 Nxe4 5. Nc3 Nxc3 6. dxc3 Be7 7. Be3 O-O 8. Qd2 a5 9. O-O-O a4 10. h4 a3 11. b3 Bf6 12. h5 h6 13. Bd3 Bg4 14. Rde1 Nc6 15. Nd4 Nxd4 16. Bxd4 Bxd4 17. cxd4 Qf6 18. c3 c5 19. dxc5 dxc5 20. f3 Be6 21. Bc2 Rad8 22. Qe3 Bf5 23. g4 Bxc2 24. Kxc2 c4 25.
bxc4 Qc6 26. Qe4 Qb6 27. Rb1 Qf2+ 28. Kb3 Qb6+ 29. Kc2 Qf2+ 30. Kb3 Rd6 31. c5 Qxc5 32. Rhe1 Rc8 33. Re3 Rd2 34. c4 Rd4 35. Qc2 Rxc4 36.
Re8+ Rxe8 37. Qxc4 Re3+ 0-1

[Event "Early-Titled-Tuesday-Blitz-May-07-2024"]
[Site "Chess.com"]
[Date "2024.05.07"]
[Round "5"]
[White "akanga001"]
[Black "Ryukchess81"]
[Result "0-1"]
[WhiteElo "2166"]
[BlackElo "2378"]
[TimeControl "180+1"]
[EndTime "8:58:15 PDT"]
[Termination "Ryukchess81 won on time"]

1. d4 d5 2. Nf3 Nf6 3. Bg5 e6 4. e3 Be7 5. Nbd2 O-O 6. c3 b6 7. Be2 Bb7 8. a4 a6 9. O-O Nbd7 10. Qc2 Ne4 11. Bxe7 Qxe7 12. Ne1 c5 13. f3 Nxd2 14. Qxd2 e5 15. Nc2 Rfe8 16. Bd3 c4 17. Bf5 g6 18.
Bxd7 Qxd7 19. dxe5 Rxe5 20. e4 a5 21. exd5 Rxd5 22.
Nd4 Bc6 23. Qc2 Re8 24. Rfd1 Rde5 25. b3 Qd5 26. bxc4 Qxc4 27. Rdb1 Rc5 28. Rc1 Rd8 29. Qd2 Rcd5 30. Rab1 Qc5 31. Qf2 Bxa4 0-1

[Event "Early-Titled-Tuesday-Blitz-May-07-2024"]
[Site "Chess.com"]
[Date "2024.05.07"]
[Round "5"]
[White "kpio91"]
[Black "Ruslan_Kurayan"]
[Result "1-0"]
[WhiteElo "2869"]
[BlackElo "2633"]
[TimeControl "180+1"]
[EndTime "8:58:16 PDT"]
[Termination "kpio91 won by checkmate"]

1. e4 c5 2. c3 Nf6 3. e5 Nd5 4. Nf3 Nc6 5. Bc4 e6 6. d4 cxd4 7. cxd4 d6 8. O-O Be7 9. Re1 O-O 10. Bxd5 exd5 11. Nc3 dxe5 12. dxe5 d4 13. Ne4 Bg4 14.
Bf4 Qd5 15. h3 Bh5 16. Ned2 Rfe8 17. a3 Rad8 18. Rc1 d3 19. Qa4 Bc5 20. Bg5 Rd7 21.
Qh4 Bxf3 22. Nxf3 Nd4 23. Nxd4 Bxd4 24. Rcd1 Bxb2 25. Qg3 Bxe5 26. Bf6 Rde7 27. Qxg7# 1-0

[Event "Early-Titled-Tuesday-Blitz-May-07-2024"]
[Site "Chess.com"]
[Date "2024.05.07"]
[Round "5"]
[White "JiaHaoxiang"]
[Black "willyam13"]
[Result "1-0"]
[WhiteElo "2585"]
[BlackElo "2441"]
[TimeControl "180+1"]
[EndTime "8:58:16 PDT"]
[Termination "JiaHaoxiang won by resignation"]

1. e4 e5 2. Nf3 Nc6 3. Bb5 a6 4. Ba4 Nf6 5. d3 b5 6. Bb3 Be7 7. a4 b4 8. a5 O-O 9. O-O h6 10. Nbd2 Re8 11. c3 Rb8 12. Ba4 bxc3 13. bxc3 Bf8 14.
Bxc6 dxc6 15. Nc4 Bd6 16. Qa4 Bd7 17. h3 Nh5 18. Be3 Qf6 19. Kh2 Nf4 20. Ne1 Qg5 21. Bxf4 exf4 22. f3 f5 23. Nxd6 cxd6 24. Rf2 fxe4 25.
dxe4 Qc5 26. Rc2 d5 27. Nd3 Qd6 28. exd5 Bf5 29. Rd2 Qxd5 30. Rad1 Rbd8 31. Nxf4 Qxd2 32. Rxd2 Rxd2 33. Qxc6 Bd7 34. Qxa6 Rf8 35. Qc4+ Kh8 36. Ng6+ 1-0

[Event "Early-Titled-Tuesday-Blitz-May-07-2024"]
[Site "Chess.com"]
[Date "2024.05.07"]
[Round "5"]
[White "kemelgallo"]
[Black "TenisMaster"]
[Result "0-1"]
[WhiteElo "2651"]
[BlackElo "2886"]
[TimeControl "180+1"]
[EndTime "8:58:20 PDT"]
[Termination "TenisMaster won by resignation"]

1. d4 Nf6 2. c4 e6 3. g3 d5 4. Bg2 dxc4 5. Nf3 a6 6. O-O Nc6 7. e3 Bd7 8. Qe2 Bd6 9. Qxc4 O-O 10. Nc3 h6 11. Rd1 Qe7 12. e4 e5 13. dxe5 Nxe5 14.
Nxe5 Bxe5 15. f4 b5 16. Nd5 Nxd5 17. Qxd5 Bd6 18. Be3 Bg4 19. Rd2 Rad8 20. Qc6 Bb4 21. Rxd8 Rxd8 22. a3 Bd2 23. Bf2 Qd6 24. e5 Qd3 25. Be4 Qe2 26. Qc2 c5 27. Kg2 c4 28.
Rf1 Bh3+ 0-1

[Event "Early-Titled-Tuesday-Blitz-May-07-2024"]
[Site "Chess.com"]
[Date "2024.05.07"]
[Round "5"]
[White "TrompeterImEther"]
[Black "lamomiajunior"]
[Result "1-0"]
[WhiteElo "2602"]
[BlackElo "2811"]
[TimeControl "180+1"]
[EndTime "8:58:21 PDT"]
[Termination "TrompeterImEther won by resignation"]

1. e4 c5 2. Nf3 d6 3. d4 cxd4 4. Nxd4 Nf6 5. Nc3 a6 6. f3 h5 7.
Be3 e6 8. Qd2 b5 9. O-O-O Be7 10. Kb1 Bb7 11. g3 Nbd7 12. h3 Rc8 13. Be2 d5 14. exd5 Nxd5 15. Nxd5 Bxd5 16. g4 Nb6 17. Nf5 Bf6 18. g5 Be5 19. Bd4 Bxd4 20. Qxd4 Rg8 21.
Nxg7+ Kf8 22. Nxh5 Rxg5 23. Nf6 e5 24. Qxb6 Qxb6 25. Nd7+ Ke7 26. Nxb6 Rcg8 27. Nxd5+ Ke6 28. f4 Rg2 29. Bg4+ f5 30. Bxf5+ Kf7 31. fxe5 Rf2 32. Rhf1 Rgg2 33. e6+ Ke8 34. Rxf2 Rxf2 35. Bg6+ Kf8 36. e7+ Kg7 37. e8=Q 1-0

[Event "Early-Titled-Tuesday-Blitz-May-07-2024"]
[Site "Chess.com"]
[Date "2024.05.07"]
[Round "5"]
[White "cristianserban1"]
[Black "Alexandr_Kholin"]
[Result "0-1"]
[WhiteElo "2607"]
[BlackElo "2495"]
[TimeControl "180+1"]
[EndTime "8:58:21 PDT"]
[Termination "Alexandr_Kholin won on time"]

1. Nf3 b6 2. b3 Bb7 3. Bb2 Nf6 4. g3 c5 5. Bg2 g6 6. O-O Bg7 7. c4 O-O 8. e3 d5 9. cxd5 Qxd5 10. Nc3 Qh5 11. d4 Nbd7 12. Ne5 Bxg2 13. Qxh5 Nxh5 14. Kxg2 Nxe5 15. dxe5 Bxe5 16. f4 Bg7 17. e4 Rfd8 18.
e5 f6 19. Ne4 fxe5 20. fxe5 Rd5 21. Rae1 Bxe5 22. Bxe5 Rxe5 23. g4 Ng7 24. Nc3 Rxe1 25. Rxe1 e6 26. Rd1 Rf8 27. Rd7 Rf7 28. Rd8+ Rf8 29.
Rd7 Rf4 30. Kg3 Rd4 31. Rxa7 e5 32. Nb5 Rd3+ 33. Kg2 Ne6 34. a4 Nf4+ 35. Kf2 e4 36.
Re7 Rf3+ 37. Kg1 e3 38. Nc3 Kf8 39. Re4 g5 40. b4 cxb4 41. Rxb4 e2 0-1

[Event "Early-Titled-Tuesday-Blitz-May-07-2024"]
[Site "Chess.com"]
[Date "2024.05.07"]
[Round "5"]
[White "Mikasinski"]
[Black "Golubovsky"]
[Result "0-1"]
[WhiteElo "2627"]
[BlackElo "2511"]
[TimeControl "180+1"]
[EndTime "8:58:22 PDT"]
[Termination "Golubovsky won by resignation"]

1. e4 c5 2. Nf3 d6 3. d4 cxd4 4. Nxd4 Nf6 5. Nc3 a6 6. Rg1 b5 7. g4 Bb7 8. f3 e6 9. Be3 Nc6 10. Qd2 Qc7 11. g5 Nd7 12. O-O-O Rc8 13. Kb1 Nb6 14.
Ndxb5 axb5 15. Nxb5 Qd8 16. Nxd6+ Qxd6 17. Qxd6 Bxd6 18.
Rxd6 Ke7 19. Bc5 Nd7 20. Ba3 Kd8 21. Bb5 Kc7 22. Rgd1 Rhd8 23. b3 Nde5 24. f4 Ng6 25. f5 Nh4 26. fxe6 fxe6 27. Bb2 Rxd6 28. Rf1 Ng6 29.
Bxg7 Rcd8 30. Kb2 R6d7 31. Bc3 Nge5 32. Bxe5+ Nxe5 33. Bxd7 Rxd7 34. Rf6 Kd6 35. Rf4 Rf7 36. Rh4 Ng6 37. Rh3 Bxe4 38. a4 Ne5 39. a5 Rf2 40.
Rc3 Nc6 41. a6 Rxh2 42. Rc4 Rxc2+ 43. Rxc2 Bxc2 44. Kxc2 Nb4+ 45. Kc3 Nxa6 46. Kd4 Nc5 47. b4 e5+ 48. Ke3 Na6 49. b5 Nc7 50. b6 Nd5+ 51. Ke4 Nxb6 52. Kf5 Nd7 53. Ke4 Ke6 54. g6 hxg6 0-1

[Event "Early-Titled-Tuesday-Blitz-May-07-2024"]
[Site "Chess.com"]
[Date "2024.05.07"]
[Round "5"]
[White "Darko-Dimitrijevic"]
[Black "Zheenbekov86"]
[Result "0-1"]
[WhiteElo "2247"]
[BlackElo "2421"]
[TimeControl "180+1"]
[EndTime "8:58:24 PDT"]
[Termination "Zheenbekov86 won by checkmate"]

1. c4 Nf6 2. b3 c6 3. Bb2 d5 4. g3 g6 5. Bg2 Bg7 6. d3 O-O 7. Nd2 d4 8. Ngf3 c5 9. b4 cxb4 10. Bxd4 Nc6 11. Bb2 Re8 12. O-O e5 13. Qc2 h5 14.
Rfe1 Bf5 15. e4 Bg4 16. h3 Bxf3 17. Nxf3 Nd4 18. Nxd4 exd4 19. e5 Nd7 20. Bxd4 Nxe5 21.
Bxe5 Bxe5 22. Rab1 Bc3 23. Rxe8+ Qxe8 24. Bxb7 Rd8 25.
Be4 h4 26. g4 Qe5 27. Qe2 Bd4 28.
Rxb4 Qg3+ 29. Bg2 Rd6 30. Rb8+ Kg7 31. Rb7 Rf6 32. Kh1 Rxf2 33. Qe4 Rf1+ 34. Bxf1 Qg1# 0-1

[Event "Early-Titled-Tuesday-Blitz-May-07-2024"]
[Site "Chess.com"]
[Date "2024.05.07"]
[Round "5"]
[White "Payyappat"]
[Black "Caroexpert"]
[Result "0-1"]
[WhiteElo "2500"]
[BlackElo "2669"]
[TimeControl "180+1"]
[EndTime "8:58:25 PDT"]
[Termination "Caroexpert won by resignation"]

1. e4 c6 2. d4 d5 3. Nc3 dxe4 4. Nxe4 Nf6 5. Nxf6+ exf6 6. Bc4 Bd6 7. Qe2+ Be7 8. Nf3 O-O 9. O-O Bd6 10. Re1 Na6 11. c3 Nc7 12. Be3 Be6 13. Bd3 Re8 14. Nh4 g6 15.
Qf3 f5 16. g3 Bd5 17. Qd1 f4 18. Bd2 b5 19. Qg4 h5 20. Qh3 Ne6 21. Nxg6 fxg6 22.
Bxg6 Ng5 23. Rxe8+ Qxe8 24. Qxh5 Nf3+ 25. Qxf3 Bxf3 26.
Bxe8 Rxe8 27. Bxf4 Bxf4 28. gxf4 Kf7 29. Kf1 Re2 30.
a4 a6 31. axb5 axb5 32. Rb1 Kf6 33. b3 Kf5 34. c4 b4 35. d5 cxd5 36. cxd5 Rd2 37.
Re1 Kxf4 38. h4 Rxd5 39. Rc1 Rd1+ 40. Rxd1 Bxd1 41. Ke1 Bxb3 42. Kd2 Bf7 43. Kd3 Kg4 0-1

[Event "Early-Titled-Tuesday-Blitz-May-07-2024"]
[Site "Chess.com"]
[Date "2024.05.07"]
[Round "5"]
[White "guillembaches"]
[Black "jaramsdal"]
[Result "1-0"]
[WhiteElo "2578"]
[BlackElo "2415"]
[TimeControl "180+1"]
[EndTime "8:58:26 PDT"]
[Termination "guillembaches won by resignation"]

1. d4 Nf6 2. Nf3 g6 3. Bg5 Bg7 4. Nbd2 d5 5. e3 O-O 6. Be2 c5 7. c3 b6 8. O-O Bb7 9. b4 Nbd7 10. bxc5 bxc5 11. Qa4 Nb6 12. Qa3 cxd4 13. cxd4 Re8 14. Bb5 Nfd7 15. Rac1 f6 16. Bh4 a6 17. Bc6 Qb8 18. Bg3 e5 19. Bxd7 Nxd7 20. Rb1 Qa7 21. Qd6 Rad8 22. Qc7 Rb8 23. Qxd7 Qa8 24. Rb3 Bc6 25.
Qc7 Rxb3 26. Nxb3 Bb5 27. Rc1 e4 28. Nfd2 a5 29. Qb6 Bd3 30. Qxa5 Qxa5 31. Nxa5 Ra8 32. Ndb3 Bf8 33. Bc7 h5 34. h4 Kf7 35. Bb6 Ke6 36.
Rc7 Bc5 37. Nxc5+ 1-0

[Event "Early-Titled-Tuesday-Blitz-May-07-2024"]
[Site "Chess.com"]
[Date "2024.05.07"]
[Round "5"]
[White "ilushka"]
[Black "ferdipy"]
[Result "1-0"]
[WhiteElo "2524"]
[BlackElo "2334"]
[TimeControl "180+1"]
[EndTime "8:58:28 PDT"]
[Termination "ilushka won by resignation"]

1. Nf3 e6 2. g3 Nf6 3. Bg2 d5 4. d4 Be7 5. c4 O-O 6. Qc2 c6 7.
O-O dxc4 8. Qxc4 b5 9. Qc2 Bb7 10. Rd1 Nbd7 11. Nc3 Qb6 12. e4 a6 13. h3 Rac8 14.
Be3 Qa5 15. a3 Rfd8 16. g4 Qc7 17. b4 Nb6 18. Nd2 h5 19. g5 Nh7 20. h4 f6 21. Qb3 Qd7 22. Bh3 Nf8 23. gxf6 Bxf6 24. e5 Bxh4 25. Nde4 Nd5 26. Nd6 Ra8 27. Nce4 Bc8 28.
Kh1 Qe7 29. Rg1 Kh8 30. Bg5 Bxg5 31. Rxg5 Nf4 32. Qf3 Nxh3 33. Qxh3 g6 34. Rag1 Qh7 35.
Nf6 Qe7 36. Rxg6 Nxg6 37. Qxh5+ 1-0

[Event "Early-Titled-Tuesday-Blitz-May-07-2024"]
[Site "Chess.com"]
[Date "2024.05.07"]
[Round "5"]
[White "Juicy_Fork"]
[Black "MikeWizard"]
[Result "1-0"]
[WhiteElo "2427"]
[BlackElo "2044"]
[TimeControl "180+1"]
[EndTime "8:58:28 PDT"]
[Termination "Juicy_Fork won by checkmate"]

1. e4 d6 2. d4 Nf6 3. Nc3 Nbd7 4. Nge2 e5 5. h3 Be7 6. g4 h6 7. Ng3 g6 8. Be3 c6 9. Bg2 Qa5 10. Qd2 h5 11. gxh5 Nxh5 12. Nxh5 Rxh5 13. O-O-O Nf6 14.
Bf3 Rh7 15. h4 Be6 16. Kb1 O-O-O 17. Nd5 Qxd2 18. Nxe7+ Kd7 19. Rxd2 Kxe7 20. dxe5 dxe5 21. Rxd8 Kxd8 22. Bg5 Ke7 23. Rd1 Rh8 24. b3 Rc8 25. c4 Rc7 26. Kc2 Rd7 27. Rxd7+ Bxd7 28. a4 Be6 29. Be3 b6 30. a5 c5 31. axb6 axb6 32. Bg5 Bd7 33. Kd3 Be6 34. Ke3 Bd7 35. Bg2 Bc6 36.
f4 Ke6 37. Bh3+ Ke7 38. fxe5 Ke8 39. exf6 b5 40. e5 bxc4 41. bxc4 Ba4 42. e6 fxe6 43. Bxe6 Bc2 44. f7+ Kf8 45. Bh6+ Ke7 46. f8=Q+ Kxe6 47. Qe8+ Kf6 48. Bg5+ Kg7 49. Qe7+ Kg8 50. Bf6 Bf5 51. Qg7# 1-0

[Event "Early-Titled-Tuesday-Blitz-May-07-2024"]
[Site "Chess.com"]
[Date "2024.05.07"]
[Round "5"]
[White "atomicmate123"]
[Black "Masterisback04"]
[Result "1-0"]
[WhiteElo "2311"]
[BlackElo "2005"]
[TimeControl "180+1"]
[EndTime "8:58:28 PDT"]
[Termination "atomicmate123 won on time"]

1. e4 c5 2. Nf3 d6 3. d4 cxd4 4. Nxd4 Nf6 5. Nc3 a6 6. Bc4 e6 7.
Bb3 Be7 8. g4 Nc6 9. g5 Nxd4 10.
Qxd4 Nh5 11. Rg1 O-O 12. Be3 b5 13. O-O-O Bd7 14. e5 d5 15. Qg4 g6 16. Ne2 a5 17.
a3 b4 18. Ng3 Ng7 19. a4 Qe8 20. h4 Bxa4 21. Bxa4 Qxa4 22. Kb1 Rfc8 23. Rd2 Qc6 24. h5 a4 25. hxg6 hxg6 26. Rh1 d4 27. Qh4 Qxh1+ 28. Qxh1 dxe3 29. fxe3 Bxg5 30. Rh2 Kf8 31. Rh8+ Ke7 32. Qb7+ 1-0

[Event "Early-Titled-Tuesday-Blitz-May-07-2024"]
[Site "Chess.com"]
[Date "2024.05.07"]
[Round "5"]
[White "rhwr"]
[Black "pfalcon1949"]
[Result "1-0"]
[WhiteElo "2288"]
[BlackElo "1936"]
[TimeControl "180+1"]
[EndTime "8:58:28 PDT"]
[Termination "rhwr won on time"]

1. e4 e6 2. Nc3 c5 3. g3 b6 4. Bg2 Bb7 5. Nge2 g6 6. O-O Bg7 7. d4 d6 8. d5 exd5 9. exd5 Ne7 10. Bg5 O-O 11. Qd2 a6 12. Bh6 Nd7 13. Bxg7 Kxg7 14. a4 Qc7 15. b3 Rae8 16. Nf4 Ne5 17. Rfe1 Bc8 18. Rad1 Bg4 19. Rxe5 dxe5 20. d6 Qd7 21.
dxe7 Qxe7 22. Nfd5 Qd8 23. Re1 f6 24. Qd3 Bc8 25. Qc4 Rf7 26. a5 bxa5 27. Qxc5 Rd7 28. Ra1 Rd6 29. Qxa5 Be6 30. Nc7 Re7 31. Nxe6+ 1-0

[Event "Early-Titled-Tuesday-Blitz-May-07-2024"]
[Site "Chess.com"]
[Date "2024.05.07"]
[Round "5"]
[White "DominguezOnYoutube"]
[Black "GeorgiosSouleidis"]
[Result "1-0"]
[WhiteElo "2969"]
[BlackElo "2705"]
[TimeControl "180+1"]
[EndTime "8:58:31 PDT"]
[Termination "DominguezOnYoutube won on time"]

1. e4 c5 2. Nf3 e6 3. d4 cxd4 4. Nxd4 Nf6 5. Nc3 Nc6 6. Nxc6 bxc6 7. e5 Nd5 8. Ne4 Qc7 9. f4 Qb6 10. a3 Ne3 11. Qd3 Nxf1 12. Rxf1 c5 13. Bd2 Bb7 14. O-O-O Bc6 15. Bc3 Be7 16. f5 exf5 17. Rxf5 O-O 18.
Nf6+ Bxf6 19. exf6 g6 20. Qd2 Kh8 21. Qh6 Rg8 22.
Rd3 1-0

[Event "Early-Titled-Tuesday-Blitz-May-07-2024"]
[Site "Chess.com"]
[Date "2024.05.07"]
[Round "5"]
[White "Chessdude1987"]
[Black "campochess"]
[Result "1-0"]
[WhiteElo "2369"]
[BlackElo "2154"]
[TimeControl "180+1"]
[EndTime "8:58:32 PDT"]
[Termination "Chessdude1987 won by resignation"]

1. e4 c5 2. Nf3 Nc6 3. Bb5 e5 4. O-O Bd6 5. Na3 a6 6. Bxc6 dxc6 7.
Nc4 Qe7 8. Nxd6+ Qxd6 9. b3 Bg4 10. Bb2 f6 11. h3 Bh5 12. g4 Bf7 13. b4 Rd8 14.
bxc5 Qxc5 15. c3 Qc4 16. Re1 h5 17. g5 h4 18. d4 Bh5 19. Re3 fxg5 20. Nxe5 Bxd1 21.
Nxc4 Bh5 22. e5 Kd7 23. e6+ Kc7 24. e7 Re8 25. Ba3 b5 26. Nd6 Rxe7 27. Nxb5+ axb5 28. Bxe7 g4 29. Bxh4 Nh6 30. Bg3+ Kb6 31. h4 Nf5 32. Re5 Bg6 33. a4 bxa4 34. Rxa4 Nxh4 35. Rb4+ Kc7 36.
Rh5+ Kd7 37. Rxh8 Nf3+ 38. Kg2 Ne1+ 39. Kf1 Nd3 40. Rb7+ Ke6 41. Rc7 Be4 42. Ke2 g5 43. Rh6+ Kd5 44. Rhxc6 Nc1+ 45. Kd1 Nb3 46. Rc5+ Nxc5 47.
Rxc5+ Ke6 48. Re5+ 1-0

[Event "Early-Titled-Tuesday-Blitz-May-07-2024"]
[Site "Chess.com"]
[Date "2024.05.07"]
[Round "5"]
[White "djano"]
[Black "DvaHrasta"]
[Result "0-1"]
[WhiteElo "2574"]
[BlackElo "2464"]
[TimeControl "180+1"]
[EndTime "8:58:33 PDT"]
[Termination "DvaHrasta won by resignation"]

1. Nf3 Nf6 2. g3 d5 3. Bg2 c5 4. O-O Nc6 5. d3 Bg4 6. Nbd2 e5 7. e4 dxe4 8. dxe4 Be7 9. h3 Bh5 10. c3 O-O 11. Qe1 Qc7 12. Nh4 Rfd8 13. Nc4 b5 14.
Ne3 c4 15. Nd5 Nxd5 16. exd5 Bxh4 17. gxh4 Ne7 18. d6 Qxd6 19. Bxa8 Rxa8 20. Qe4 Rd8 21.
Bg5 f6 22. Be3 f5 23. Qg2 f4 24. Bxa7 h6 25. a4 Nf5 26. axb5 Nxh4 27. Qc6 Qd3 28. Qe6+ Kh7 29. Kh2 Rd6 30. Qc8 Rg6 31. Rg1 Nf3+ 32. Kh1 Nxg1 33. Bc5 Qf3+ 0-1